 Dungeon Crawl Stone Soup version 0.31-a0-236-g9a0961fb85 (webtiles) character file.

Game seed: 1313689328037923428

316 LeprechaunX the Insei (level 6, 0/40 HPs)
             Began as an Octopode Transmuter on July 10, 2023.
             Killed from afar by Ijyb (9 damage)
             ... with a puff of flame
             ... on level 4 of the Dungeon.
             The game lasted 00:11:17 (2680 turns).

LeprechaunX the Insei (Octopode Transmuter)         Turns: 2680, Time: 00:11:17

Health: 0/40       AC:  1    Str: 10    XL:     6   Next: 44%
Magic:  10/10      EV: 14    Int: 15    God:
Gold:   201        SH:  5    Dex: 14    Spells: 9/10 levels left

rFire   . .          .
                       - Unarmed
rCold   . . .        (no shield)
rNeg    . . .        (helmet currently unavailable)
rPois   .            n - amulet of reflection
rElec   .            (no ring)
rCorr   .            (no ring)
SInv    .            (no ring)
Will    .....        (no ring)
Stlth   ++           (no ring)
HPRegen 0.26/turn    (no ring)
MPRegen 0.12/turn    (no ring)
                     (no ring)

%: reflection
@: appendages
A: tentacle spike 3, almost no armour, amphibious, 8 rings, camouflage 1,
gelatinous body 1, (nimble swimmer 1), tentacles
a: End Transformation


You were on level 4 of the Dungeon.
One of your tentacles had grown a beastly spike.
You visited 1 branch of the dungeon, and saw 4 of its levels.

You collected 201 gold pieces.

Inventory:

Hand Weapons
 p - a +2 dagger of venom
Missiles
 b - 3 boomerangs (quivered)
 c - 6 javelins
Armour
 m - a +0 kite shield
Jewellery
 n - an amulet of reflection (around mantle)
Wands
 o - a wand of charming (10)
Scrolls
 d - a scroll of fog {unknown}
 f - a scroll of torment {unknown}
 g - a scroll of revelation {unknown}
 i - 3 scrolls of blinking {unknown}
 j - a scroll of vulnerability {unknown}
 k - 2 scrolls of identify {unknown}
 l - 2 scrolls of teleportation {unknown}
 q - a scroll of immolation {unknown}
Potions
 a - 3 potions of lignification
 e - 3 potions of heal wounds {unknown}
 h - 2 potions of degeneration {unknown}


   Skills:
 + Level 2.3 Fighting
 + Level 1.6 Throwing
 + Level 3.0 Dodging
 * Level 4.4 Unarmed Combat
 + Level 2.8 Spellcasting
 * Level 3.6 Transmutations


You had 9 spell levels left.
You knew the following spells:

 Your Spells              Type           Power      Damage    Failure   Level
a - Beastly Appendage     Tmut           24%        N/A       4%          1

Your spell library contained the following spells:

 Spells                   Type           Power      Damage    Failure   Level
 Wereblood                Tmut           12%        N/A       7%          2
 Spider Form              Tmut/Pois      7%         N/A       28%         3
 Ice Form                 Ice/Tmut       7%         N/A       67%         4
 Animate Dead             Necr           2%         N/A       90%         4
 Borgnjor's Vile Clutch   Necr/Erth      1%         N/A       99%         5
 Death Channel            Necr           1%         N/A       100%        6


Dungeon Overview and Level Annotations

Branches:
Dungeon (4/15)
 Temple: D:4-7

Altars:
Kikubaaqudgha
The Shining One

Annotations:
D:4 Ijyb


Innate Abilities, Weirdness & Mutations

One of your tentacles has grown a beastly spike.
You cannot wear most types of armour.
You are amphibious.
You can wear up to eight rings at the same time.
Your skin changes colour to match your surroundings (Stealth+).
Your rubbery body absorbs attacks. (AC +1, EV +1)
((You are camouflaged when in or above water. (Stealth+)))
You have tentacles for arms and can constrict up to eight enemies at once.


Message History

One of your tentacles grows a vicious spike.
Found 6 gold pieces.
Ijyb zaps a wand.
The puff of flame hits you!
Found a silvery potion.
You tentacle-slap Ijyb. Your grab misses Ijyb. Your squeeze misses Ijyb.
Ijyb is lightly wounded.
Ijyb closely misses you.
You tentacle-slap Ijyb. Your grab misses Ijyb.
Your tentacle spike misses Ijyb.
You tentacle-slap Ijyb, but do no damage.
Ijyb is lightly wounded.
Ijyb hits you with a +0 dagger.
You barely miss Ijyb. Your grab misses Ijyb.
Your tentacle spike misses Ijyb.
Ijyb is lightly wounded.
Ijyb hits you but does no damage.
You closely miss Ijyb. Your grab misses Ijyb.
Your tentacle spike misses Ijyb.
You squeeze Ijyb!
Ijyb is heavily wounded.
Ijyb zaps a wand.
The puff of flame hits you!
You completely miss Ijyb. Your grab misses Ijyb. Your squeeze misses Ijyb.
Ijyb is heavily wounded.
Ijyb hits you with a +0 dagger.
You closely miss Ijyb. You grab Ijyb.
Ijyb is heavily wounded.
You constrict Ijyb, but do no damage.
Ijyb zaps a wand.
The puff of flame misses you.
You barely miss Ijyb.
You pierce Ijyb.
Ijyb is heavily wounded.
You constrict Ijyb. Ijyb barely misses you.
You tentacle-slap Ijyb.
You pierce Ijyb, but do no damage.
Ijyb is severely wounded.
You constrict Ijyb. Ijyb barely misses you.
You barely miss Ijyb.
You pierce Ijyb, but do no damage.
Ijyb is severely wounded.
You constrict Ijyb, but do no damage.
Ijyb zaps a wand.
The puff of flame hits you!
* * * LOW HITPOINT WARNING * * *
You tentacle-slap Ijyb.
You pierce Ijyb, but do no damage.
Your squeeze misses Ijyb.
Ijyb is severely wounded.
You constrict Ijyb.
Ijyb zaps a wand.
The puff of flame hits you!
You die...

#..# .(.# . # ...##.
##. ..... ....
###### #..#
....##....# #..#
.....$....# ...#
!......g..#
...##..########.@..#
.).##..##....##....#
.))##..+...........#
..[)...#...^.......#
...##..##..######..#
...##..##..# ..#
...........# ..#
#..##......# ..#
#..##..##..# .#


You could see Ijyb.

Vanquished Creatures
  2 vampire bats (D:3)
  2 hounds
  An orc priest (D:3)
  An orc wizard (D:3)
  Robin (D:4)
  An adder (D:4)
  A worm (D:3)
  2 dart slugs
  3 orcs (D:3)
  11 bats
  3 bat skeletons (D:3)
  3 bat zombies (D:3)
  3 endoplasms
  4 giant cockroaches
  13 goblins
  11 hobgoblins
  7 jackals
  4 kobolds (D:1)
  A quokka (D:3)
  7 ball pythons
  4 frilled lizards
  3 rats (D:2)
88 creatures vanquished.

Vanquished Creatures (others)
  An orc (D:3)
1 creature vanquished.

Grand Total: 89 creatures vanquished

Notes
Turn   | Place    | Note
-------+----------+-------------------------------------------
     0 | D:1      | LeprechaunX the Octopode Transmuter began the quest for the
                  | Orb.
     0 | D:1      | Reached XP level 1. HP: 13/13 MP: 3/3
   169 | D:1      | Reached XP level 2. HP: 18/18 MP: 5/5
   768 | D:1      | Reached XP level 3. HP: 23/23 MP: 6/6
  1650 | D:3      | Found a glowing golden altar of the Shining One.
  1656 | D:3      | Reached XP level 4. HP: 27/27 MP: 5/7
  1769 | D:3      | Reached XP level 5. HP: 29/34 MP: 8/8
  1888 | D:3      | Found an ancient bone altar of Kikubaaqudgha.
  1906 | D:3      | Reached skill level 1 in Throwing
  1906 | D:3      | Reached skill level 4 in Unarmed Combat
  2072 | D:3      | Found a faded altar of an unknown god.
  2274 | D:3      | Reached XP level 6. HP: 38/39 MP: 8/10
  2350 | D:4      | Noticed Robin
  2370 | D:4      | Killed Robin
  2663 | D:4      | Noticed Ijyb
  2680 | D:4      | Killed from afar by Ijyb

Illustrated notes

Levels and vault maps discovered:
D:1:      dpeg_arrival_tiny_a, layout_basic, amethyst_killhole
D:2:      layout_basic
D:3:      layout_rooms, kennysheep_vampire_church, tso_altar,
          shapermc_ecumenical_altar_mp_highgroup, kennysheep_another_room
D:4:      layout_gridville, uniq_ijyb, uniq_pikel, uniq_robin

Skill      XL: |  1  2  3  4  5  6 |
---------------+-------------------+-----
Transmutations | 3 |  3.6
Fighting       | 2 |  2.3
Throwing       | 1 |  1.6
Unarmed Combat | 4 |  4.4
Dodging        | 3 |  3.0
Spellcasting   | |  2.8

Action                     |  1- 3 |  4- 6 || total
---------------------------+-------+-------++-------
  Melee: Unarmed           |    88 |   108 ||   196
         Tentacles         |    19 |    20 ||    39
         Constrict         |    19 |    27 ||    46
         Punch             |     2 |     6 ||     8
         Kick              |       |     8 ||     8
   Cast: Beastly Appendage |     1 |     2 ||     3
   Stab: Sleeping          |    11 |     6 ||    17
 Armour: Skin              |     3 |    18 ||    21
  Dodge: Dodged            |    50 |    84 ||   134
  Block: Other             |       |    22 ||    22

Table legend: (Time is in decaauts)
 A = Elapsed time spent in this place.
 B = Non-inter-level travel time spent in this place.
 C = Inter-level travel time spent in this place.
 D = Time resting spent in this place.
 E = Time spent auto-exploring this place.
 F = Levels seen in this place.
 G = Mean time per level.
                   A        B        C        D        E       F      G
               +--------+--------+--------+--------+--------+-----+--------+
         Total |   2666 |   2547 |    119 |      0 |   2029 |   4 |  666.5 |
       Dungeon |   2666 |   2547 |    119 |      0 |   2029 |   4 |  666.5 |
               +--------+--------+--------+--------+--------+-----+--------+

Top non-repeatable levels by time:
     D:1: 877 daAuts
     D:3: 779 daAuts
     D:2: 679 daAuts
     D:4: 330 daAuts
